 Dungeon Crawl Stone Soup version 0.29.1-14-g9c671dbff4 (webtiles) character file.

Game seed: 14137063318502118676

37 Heoruswealwe the Caller (level 3, 0/17 HPs)
             Began as a Deep Elf Summoner on Feb 13, 2023.
             Killed by nerve-wracking pain
             ... invoked by an orc priest
              (9 damage)
             ... on level 3 of the Dungeon.
             The game lasted 00:17:01 (5142 turns).

Heoruswealwe the Caller (Deep Elf Summoner)         Turns: 5142, Time: 00:17:02

Health: 0/17       AC:  2    Str:  5    XL:     3   Next: 21%
Magic:  10/10      EV: 13    Int: 21    God:
Gold:   93         SH:  0    Dex: 15    Spells: 6/9 levels left

rFire   . . .      SeeInvis .   d - +0 dagger (flame)
rCold   . . .      Faith    .   (no shield)
rNeg    . . .      Spirit   .   a - +0 robe
rPois   .          Reflect  .   (no helmet)
rElec   .          Harm     .   (no cloak)
rCorr   .          Rampage  .   (no gloves)
Will    .....                   (no boots)
Stlth   ++........              (no amulet)
HPRegen 0.05/turn               (no ring)
MPRegen 0.12/turn               (no ring)

@: no status effects
A: reduced essence
a: no special abilities


You were on level 3 of the Dungeon.
You visited 1 branch of the dungeon, and saw 3 of its levels.

You collected 93 gold pieces.

Inventory:

Hand Weapons
 d - a +0 dagger of flaming (weapon)
 g - a +0 sling of freezing
 l - a +0 club
 n - a +0 whip
 r - a +0 mace
 s - a +0 flail
Missiles
 q - 16 stones
Armour
 a - a +0 robe (worn)
 i - a +0 leather armour
 k - a +0 ring mail
 o - a +0 leather armour
 t - a +0 leather armour
Magical Staves
 h - a staff of air
Scrolls
 c - 2 scrolls of identify {unknown}
 e - a scroll of poison {unknown}
 f - a scroll of enchant weapon {unknown}
 m - a scroll of noise {unknown}
 p - a scroll of fog {unknown}
Potions
 b - a potion of magic
 j - 2 potions of curing {unknown}


   Skills:
 + Level 0.0 Fighting
 + Level 0.0 Long Blades
 + Level 3.0 Dodging
 + Level 3.0 Stealth
 * Level 3.5 Spellcasting
 + Level 0.0 Conjurations
 + Level 0.3 Hexes
 * Level 4.6 Summonings
 + Level 0.0 Necromancy
 + Level 0.2 Translocations
 + Level 0.3 Transmutations
 + Level 0.0 Fire Magic
 + Level 0.0 Ice Magic
 + Level 0.0 Air Magic
 + Level 0.0 Earth Magic
 + Level 0.0 Poison Magic
 + Level 0.0 Invocations
 + Level 0.1 Evocations


You had 6 spell levels left.
You knew the following spells:

 Your Spells              Type           Power      Damage    Failure   Level
a - Summon Small Mammal   Summ           92%        N/A       1%          1
b - Call Imp              Summ           23%        N/A       2%          2

Your spell library contained the following spells:

 Spells                   Type           Power      Damage    Failure   Level
 Call Canine Familiar     Summ           23%        N/A       5%          3
 Summon Guardian Golem    Hex/Summ       14%        N/A       14%         3
 Summon Lightning Spire   Summ/Air       13%        N/A       43%         4


Dungeon Overview and Level Annotations

Branches:
Dungeon (3/15)

Altars:
Hepliaklqana


Message History

You swap places.
Your iron imp disappears in a puff of smoke!
There is a stone staircase leading down here.
You climb downwards.
Found a stone staircase leading up.
There is a stone staircase leading up here.
The orc hits you with a +0 flail.
You closely miss the orc. The orc barely misses you.
You hit the orc. You burn the orc.
The orc is moderately wounded.
The orc barely misses you.
You hit the orc. You burn the orc.
The orc is almost dead.
The orc hits you with a +0 flail.
You closely miss the orc.
The orc is almost dead.
The orc closely misses you.
You hit the orc. You burn the orc.
You kill the orc!
Things that are here:
a +0 flail; a +0 leather armour
s - a +0 flail;
t - a +0 leather armour An orc comes into view.
It is wielding a +0 falchion.
Found a copper ring.
Found a stone staircase leading down.
There is a stone staircase leading up here.
An orc wizard comes into view. It is wielding a +0 dagger.
An orc and an orc priest come into view.
The orc wizard shouts!
The orc shouts!
The orc priest shouts!
The orc shouts!
The orc wizard hits you with a +0 dagger.
You miss the orc wizard. The orc wizard closely misses you.
The orc barely misses you.
You closely miss the orc wizard.
The orc wizard hits you with a +0 dagger.
The orc priest hits you with a +0 club. The orc barely misses you.
You closely miss the orc wizard.
The orc wizard hits you but does no damage.
The orc priest invokes the aid of Beogh against you.
Pain shoots through your body!
Ouch! That really hurt!
You die...

#######...######.
.................
................>
........#<.......
..###.#.#.######.
. +..............
...#####.#.#######
................
...####@##.#####
.....oooo#...
##############


You could see an orc priest, an orc wizard and 2 orcs.

Vanquished Creatures
  An orc (D:3)
  A goblin (D:1)
  A hobgoblin (D:1)
3 creatures vanquished.

Vanquished Creatures (collateral kills)
  A dart slug (D:1)
  2 bats (D:1)
  9 endoplasms (D:1)
  6 hobgoblins
  3 quokkas (D:1)
  5 ball pythons
  4 frilled lizards
  A goblin (D:1)
  5 rats
36 creatures vanquished.

Grand Total: 39 creatures vanquished

Notes
Turn   | Place    | Note
-------+----------+-------------------------------------------
     0 | D:1      | Heoruswealwe the Deep Elf Summoner began the quest for the
                  | Orb.
     0 | D:1      | Reached XP level 1. HP: 10/10 MP: 6/6
   303 | D:1      | Reached XP level 2. HP: 15/15 MP: 5/8
   306 | D:1      | Learned a level 2 spell: Call Imp
   591 | D:1      | Reached XP level 3. HP: 13/19 MP: 8/10
   781 | D:1      | Found a faded altar of an unknown god.
   784 | D:1      | Prayed at the altar of an unknown god.
   784 | D:1      | Became a worshipper of Hepliaklqana the Forgotten
   784 | D:1      | Reached * piety under Hepliaklqana
   787 | D:1      | Fell from the grace of Hepliaklqana
  4969 | D:1      | Glimpsed the power of Zot.
  5142 | D:3      | Killed from afar by an orc priest

Illustrated notes

Levels and vault maps discovered:
D:1:      lightli_arrival_isolated_outpost, layout_loops_cross,
          hellmonk_ecumenical_altar_inner_sanctum, minmay_hexomino_f4
D:2:      layout_loops_ring, fountainhead, moated_statue, minivault_19,
          st_stairs_3, kennysheep_generic_room_2
D:3:      layout_basic, old_standard_altar, uniq_robin

Skill      XL: |  1  2 |
---------------+-------+-----
Stealth        | 3 |  3.0
Dodging        | 3 |  3.0
Spellcasting   | |  3.5
Hexes          | |  0.3
Summonings     | |  4.6
Translocations | |  0.2
Transmutations | |  0.3
Evocations     | |  0.1

Action                   || total
-------------------------++-------
Melee: Dagger            ||    13
 Cast: Summon Small Mamm ||    15
       Call Imp          ||    11
Invok: Renounce Religion ||     1
Armor: Robe              ||     5
Dodge: Dodged            ||    35
